 Dungeon Crawl Stone Soup version 0.26.1-10-gdfb7c7de75 (webtiles) character file.

Game seed: 16974532559174572328

67 ytrimaz the Skirmisher (level 4, 0/40 HPs)
             Began as a Hill Orc Fighter on Apr 3, 2021.
             Slain by Robin
             ... wielding a +5 club
              (4 damage)
             ... on level 3 of the Dungeon.
             The game lasted 00:02:38 (1003 turns).

ytrimaz the Skirmisher (Hill Orc Fighter)           Turns: 1003, Time: 00:02:39

Health: 0/40       AC:  7    Str: 19    XL:     4   Next: 16%
Magic:  4/4        EV:  7    Int:  8    God:
Gold:   67         SH:  9    Dex: 10    Spells: 3/3 levels left

rFire    . . .     SeeInvis .   a - +0 war axe
rCold    . . .     Faith    .   c - +0 kite shield
rNeg     . . .     Spirit   .   b - +0 scale mail
rPois    .         Reflect  .   (no helmet)
rElec    .         Harm     .   (no cloak)
rCorr    .         Rampage  .   (no gloves)
Will     .....                  (no boots)
Stlth    ..........             (no amulet)
HPRegen  0.13/turn              (no ring)
MPRegen  0.09/turn              (no ring)

@: mighty
A: no striking features
a: no special abilities


You were on level 3 of the Dungeon.
You visited 1 branch of the dungeon, and saw 3 of its levels.

You collected 67 gold pieces.

Inventory:

Hand Weapons
 a - a +0 war axe (weapon)
Armour
 b - a +0 scale mail (worn)
 c - a +0 kite shield (worn)
Scrolls
 e - 2 scrolls of immolation {unknown}
 f - 3 scrolls of identify {unknown}
 i - 2 scrolls of fear {unknown}
 m - a scroll of remove curse {unknown}
 n - a scroll of teleportation {unknown}
Potions
 d - 2 potions of might
 g - a potion of cancellation {unknown}
 h - a potion of mutation {unknown}
 j - 2 potions of lignification {unknown}
 k - a potion of curing {unknown}
 l - a potion of haste {unknown}
 o - a potion of flight {unknown}
 p - a potion of invisibility {unknown}
 q - a potion of brilliance {unknown}


   Skills:
 * Level 4.2 Fighting
 + Level 4.0 Axes
 + Level 3.8 Armour
 + Level 3.7 Shields


You had 3 spell levels left.
You didn't know any spells.
Your spell library was empty.

Dungeon Overview and Level Annotations

Branches:
Dungeon (1/15)

Altars:

Annotations:
D:3 3 runed translucent doors, Janerl's ghost, amateur GnWn; Robin


Message History

The goblin barely misses you. The goblin hits you but does no damage.
The goblin hits you with a +0 club.
* * * LOW HITPOINT WARNING * * *
You feel very mighty all of a sudden. The centaur skeleton hits you.
* * * LOW HITPOINT WARNING * * *
Robin roars a battlecry!
The goblin goes into a battle-frenzy!
The goblin hits you but does no damage. The goblin hits you with a +0 dagger.
* * * LOW HITPOINT WARNING * * *
The goblin barely misses you. You block the goblin's attack.
You miss the goblin. You closely miss the goblin. You closely miss Robin.
You slash the centaur skeleton! You closely miss the goblin. x2
The centaur skeleton hits you but does no damage.
You block Robin's attack. You block the goblin's attack. x2
The centaur skeleton hits you but does no damage.
The goblin hits you with a +0 dagger.
* * * LOW HITPOINT WARNING * * *
The goblin barely misses you. Robin hits you with a +5 club.
You die...

##......>................
......#.....##########'##
##.##.#.....# #.)# ..
##+#..#### ##.# #
#........# #.. #........#
##. #..?.....# #.
#...g)g[.# #. #...Z@g..#
#### ....#[.)gg<.....
+... ......#'........
#### .g.......#.#.#.#. #
......... .......
........# #.#.#.# ###
....... .. . . #.. .!..#
#.#.# #.. #..


You could see Robin, 4 goblins and a centaur skeleton.

Vanquished Creatures
  2 dart slugs (D:1)
  3 leopard geckos
  3 giant cockroaches
  14 goblins
  9 hobgoblins
  A quokka (D:2)
  3 ball pythons
  8 bats (D:1)
  2 frilled lizards (D:1)
  4 kobolds (D:1)
  5 rats (D:1)
54 creatures vanquished.

Notes
Turn   | Place    | Note
-------+----------+-------------------------------------------
     0 | D:1      | ytrimaz the Hill Orc Fighter began the quest for the Orb.
     0 | D:1      | Reached XP level 1. HP: 19/19 MP: 1/1
   137 | D:1      | Reached XP level 2. HP: 27/27 MP: 2/2
   413 | D:1      | Reached XP level 3. HP: 25/33 MP: 3/3
   809 | D:1      | You fall into a shaft and drop 1 floor!
   897 | D:2      | You fall into a shaft and drop 1 floor!
   899 | D:3      | Found a runed translucent gate.
   899 | D:3      | Found a runed translucent gate.
   906 | D:3      | Noticed Janerl's ghost (amateur GnWn)
   914 | D:3      | Found a runed translucent gate.
   993 | D:3      | Noticed Robin
   997 | D:3      | Reached XP level 4. HP: 38/40 MP: 4/4
  1003 | D:3      | Slain by Robin

Illustrated notes

Levels and vault maps discovered:
D:1:      onia_arrival_handbag, layout_rooms, minmay_misc_feat_secret_circle,
          minmay_octomino_c4
D:2:      layout_basic, nicolae_overflow_crystal_walls
D:3:      layout_basic, gammafunk_ghost_split, hex_medium, uniq_robin

Skill      XL: |  1  2  3  4 |
---------------+-------------+-----
Axes           | 3 4 |  4.0
Fighting       | 4 |  4.2
Armour         | |  3.8
Shields        | |  3.7

Action                   |  1- 3 |  4- 6 || total
-------------------------+-------+-------++-------
Melee: War axe           |   125 |     6 ||   131
  Use: Potion            |       |     1 ||     1
Armor: Scale mail        |    71 |    11 ||    82
Dodge: Dodged            |    59 |     6 ||    65
Block: Kite shield       |    77 |     8 ||    85
